 Dungeon Crawl Stone Soup version 0.30-a0-930-gb9d0489357 (webtiles) character file.

Game seed: 8811264352282526979

245 qeuew the Ruffian (level 5, -6/53 HPs)
             Began as a Troll Berserker on Mar 23, 2023.
             Was a Follower of Jiyva.
             Mangled by a polar bear (17 damage)
             ... created by the rage of Trog
             ... on level 2 of the Dungeon.
             The game lasted 00:02:13 (1217 turns).

qeuew the Ruffian (Troll Berserker)                 Turns: 1217, Time: 00:02:14

Health: -6/53      AC:  5    Str: 27    XL:     5   Next: 83%
Magic:  4/4        EV: 10    Int:  3    God:    Jiyva [*.....]
Gold:   79         SH:  0    Dex:  9    Spells: 4/4 levels left

rFire   . . .      SeeInvis .      - Unarmed
rCold   . . .      Faith    .    (no shield)
rNeg    . . .      Spirit   .    a - +1 animal skin
rPois   .          Reflect  .    (helmet restricted)
rElec   .          Rampage  .    (no cloak)
rCorr   .                        (gloves unavailable)
Will    .....                    (boots unavailable)
Stlth   +                        (no amulet)
HPRegen 1.88/turn                (no ring)
MPRegen 0.34/turn                (no ring)

@: slowed, very slow
A: large, unfitting armour, claws 3, regeneration 1, shaggy fur 1, tough skin 1
a: Renounce Religion


You were on level 2 of the Dungeon.
You worshipped Jiyva.
Jiyva was aware of your devotion.
You visited 1 branch of the dungeon, and saw 3 of its levels.
You also visited: Sewer.

You collected 79 gold pieces.

Inventory:

Armour
 a - a +1 animal skin (worn)
Scrolls
 b - a scroll of immolation
 d - 4 scrolls of identify
 g - a scroll of poison {unknown}
 h - a scroll of fog {unknown}
Potions
 f - a potion of mutation {unknown}


   Skills:
 + Level 3.4 Fighting
 + Level 3.4 Dodging
 * Level 5.1 Unarmed Combat


You had 4 spell levels left.
You didn't know any spells.
Your spell library was empty.

Dungeon Overview and Level Annotations

Branches:
Dungeon (3/15)              Sewer (visited)

Altars:
Gozag


Innate Abilities, Weirdness & Mutations

You are too large for most types of armour.
You have claws for hands.
Your natural rate of healing is unusually fast.
You are covered in fur. (AC +1)
You have tough skin. (AC +1)


Message History

You closely miss the polar bear. The polar bear closely misses you.
The polar bear claws you. The polar bear barely misses you.
The black bear barely misses you. The black bear claws you.
The black bear claws you but does no damage.
The black bear bites you. The black bear claws you. x2
The polar bear bites you.
The polar bear claws you but does no damage.
The polar bear claws you.
As you read the scroll labelled MUIPTU OSIDD, it crumbles to dust.
The creatures around you are filled with an inner flame!
It was a scroll of immolation.
The polar bear completely misses you.
The polar bear claws you. x2; The black bear closely misses you.
The black bear misses you.
The black bear claws you but does no damage.
The polar bear bites you but does no damage.
The polar bear claws you. x2; The black bear barely misses you.
The black bear claws you. The black bear barely misses you.
As you read the scroll labelled CAXOMA ITEI, it crumbles to dust.
It is a scroll of amnesia.
You feel forgetful for a moment. The polar bear bites you.
The polar bear barely misses you.
The polar bear claws you but does no damage.
The black bear bites you.
The black bear claws you but does no damage.
The black bear claws you. The polar bear misses you.
The polar bear claws you but does no damage.
The polar bear barely misses you. The black bear bites you.
* * * LOW HITPOINT WARNING * * *
The black bear closely misses you.
The black bear claws you but does no damage.
It was a potion of heal wounds.
You feel much better. The polar bear bites you. The polar bear claws you.
The polar bear claws you but does no damage.
The black bear barely misses you. x3; The polar bear bites you!
The polar bear claws you but does no damage.
The polar bear claws you. The black bear bites you!
* * * LOW HITPOINT WARNING * * *
The black bear claws you but does no damage.
The black bear barely misses you. The polar bear bites you!
You die...

#.##.##.##########
#.##.##.# #..
#.##.##.# #.#
#.##.##.# #.#
#.##.##.# #####.#
#.##.##.# #.....#
#h##.##.# #.#####
#. #h#.....# #.#
#.# #@#..#######.#
#.# #h#..##......#
#[# #h#.....######
#.# #.##.#### #.#
#.##.#
##.####.##.#
#.......##.#
#..#######.#
.######..........#


You could see 2 polar bears and 2 black bears.

Vanquished Creatures
  2 orc priests (D:3)
  2 jellies (Sewer)
  An orc wizard (D:3)
  An adder (D:2)
  A river rat (Sewer)
  2 worms
  2 dart slugs
  3 orcs (D:3)
  4 ball pythons
  6 bats
  7 endoplasms
  6 giant cockroaches
  5 goblins
  5 hobgoblins
  5 kobolds
  4 quokkas (D:3)
  8 frilled lizards
  6 rats
70 creatures vanquished.

Vanquished Creatures (others)
  A hobgoblin (D:2)
  A kobold (D:2)
2 creatures vanquished.

Grand Total: 72 creatures vanquished

Notes
Turn   | Place    | Note
-------+----------+-------------------------------------------
     0 | D:1      | qeuew the Troll Berserker began the quest for the Orb.
     0 | D:1      | Reached XP level 1. HP: 22/22 MP: 0/0
    89 | D:1      | Reached XP level 2. HP: 29/29 MP: 1/1
   155 | D:1      | Found a faded altar of an unknown god.
   456 | D:1      | Reached XP level 3. HP: 36/36 MP: 2/2
   527 | D:2      | Reached ** piety under Trog
   533 | D:2      | You fall into a shaft and drop 1 floor!
   533 | D:3      | Found an opulent altar of Gozag.
   571 | D:3      | Reached skill level 4 in Unarmed Combat
   571 | D:3      | Reached XP level 4. HP: 26/44 MP: 3/3
   629 | D:3      | Reached XP level 5. HP: 53/53 MP: 4/4
   685 | D:3      | Found a glowing drain.
   706 | Sewer    | Entered a sewer
   810 | Sewer    | Found a viscous altar of Jiyva.
   817 | Sewer    | Reached skill level 5 in Unarmed Combat
   825 | Sewer    | Fell from the grace of Trog
   825 | Sewer    | Became a worshipper of Jiyva Jueth the Shapeless
  1198 | D:2      | Reached * piety under Jiyva
  1213 | D:2      | Noticed a polar bear
  1213 | D:2      | Noticed a black bear
  1213 | D:2      | Noticed a polar bear
  1213 | D:2      | Noticed a black bear
  1217 | D:2      | Mangled by a polar bear

Illustrated notes

Levels and vault maps discovered:
D:1:      onia_arrival_handbag, layout_basic, chequers_ecumenical_altar_simple,
          minmay_misc_feat_encased, corexii_corridor_pit
D:2:      layout_basic, minmay_circled_x
D:3:      layout_loops_ring, lemuel_coloured_pillars_altar,
          gup_sewer_entry_pipe, uniq_grinder, uniq_terence

Skill      XL: |  1  2  3  4  5 |
---------------+----------------+-----
Unarmed Combat | 4 5 |  5.1
Fighting       | 3 |  3.4
Dodging        | 3 |  3.4

Action                     |  1- 3 |  4- 6 || total
---------------------------+-------+-------++-------
  Melee: Unarmed           |    81 |    75 ||   156
         Punch             |     2 |     2 ||     4
 Invoke: Berserk           |       |     1 ||     1
         Trog's Hand       |       |     1 ||     1
    Use: Scroll            |     3 |     2 ||     5
         Potion            |       |     1 ||     1
   Stab: Sleeping          |     2 |       ||     2
 Armour: Animal skin       |    35 |    37 ||    72
  Dodge: Dodged            |    44 |    35 ||    79

Table legend: (Time is in decaauts)
 A = Elapsed time spent in this place.
 B = Non-inter-level travel time spent in this place.
 C = Inter-level travel time spent in this place.
 D = Time resting spent in this place.
 E = Time spent auto-exploring this place.
 F = Levels seen in this place.
 G = Mean time per level.
                   A        B        C        D        E       F      G
               +--------+--------+--------+--------+--------+-----+--------+
         Total |   1211 |   1175 |     36 |      0 |    780 |   4 |  302.8 |
       Dungeon |   1022 |    986 |     36 |      0 |    675 |   3 |  340.7 |
         Sewer |    188 |    188 |      0 |      0 |    105 |   1 |  188.0 |
               +--------+--------+--------+--------+--------+-----+--------+

Top non-repeatable levels by time:
     D:1: 490 daAuts
     D:2: 310 daAuts
     D:3: 221 daAuts
   Sewer: 188 daAuts
